nht, lawful male dwarven Archeologist H | |.. |... | |...}| |@g.}| |....| ------ nht the Digger Experience level: 1 Strength: 15 Dexterity: 9 Constitution: 13 Intelligence: 12 Wisdom: 16 Charisma: 10 Health: 0(15) Energy: 1(1) Def: 1 Gold: 400 Moves: 94 Dungeon seed: GJD0mrKOpGhDGz9N Game ID: nht_1464763325 Your Inventory: Coins $ - 400 gold pieces Weapons a - a +2 bullwhip Armor c - an uncursed +0 leather jacket (being worn) n - an uncursed +0 fedora (being worn) Comestibles b - 5 uncursed food rations Scrolls l - an uncursed scroll of teleportation m - a blessed scroll of identify p - an uncursed scroll of enchant armor Potions k - an uncursed potion of oil Wands d - a wand of light (0:12) o - a wand of undead turning (0:7) Tools e - a +0 pick-axe (weapon in hand) f - a tinning kit (0:60) g - an uncursed sack h - an uncursed tin opener i - an uncursed oil lamp (lit) (0:1281) j - an uncursed sack Gems q - an uncursed touchstone Spells and supernatural/magical abilities: Name Level Category Fail Memory W - pray for help -- divine ? -- Your skills at the end: Miscellaneous Skills wands [Basic] Weapon Skills pick-axe [Basic] whip [Basic] Spellcasting Skills Final Attributes: You were fervently aligned. You had infravision. You were stealthy. You were fast. You are dead. Vanquished creatures: a newt a goblin 3 grid bugs 5 creatures vanquished. Voluntary challenges: You went without food. You did not adorn yourself with jewelry or accessories. You used a wielded weapon 3 times, starting on turn 1. You did not apply a unicorn horn. You read items or engraved 7 times, starting on turn 38. You never genocided any monsters. You never polymorphed an object. You never changed form. You used no wishes. You never split a pudding. You wrote Elbereth's name 4 times, starting on turn 39. You never violated your personal moral code. You disabled loading bones files. Dungeon overview: The Dungeons of Doom: levels 1 to 21 Level 1 a long staircase Level 2 a sink Level 3 Level 4 Level 5 a fountain Level 6 Level 7 Level 8 Level 9 a sink Level 10 Level 11 Level 12 a temple to Huhetotl Level 13 Level 14 Level 15 Level 16 Level 17 Level 18 Level 19 Level 20 Level 21 <- You were here History has recorded: On T:1 you entered the Dungeons of Doom to retrieve the Amulet of Yendor! On T:8 you reached level 2 of The Dungeons of Doom. On T:11 you reached level 3 of The Dungeons of Doom. On T:16 you reached level 4 of The Dungeons of Doom. On T:21 you reached level 5 of The Dungeons of Doom. On T:23 you reached level 6 of The Dungeons of Doom. On T:31 you reached level 7 of The Dungeons of Doom. On T:42 you reached level 8 of The Dungeons of Doom. On T:46 you reached level 9 of The Dungeons of Doom. On T:49 you reached level 10 of The Dungeons of Doom. On T:52 you reached level 11 of The Dungeons of Doom. On T:56 you reached level 12 of The Dungeons of Doom. On T:64 you reached level 13 of The Dungeons of Doom. On T:70 you reached level 14 of The Dungeons of Doom. On T:74 you reached level 15 of The Dungeons of Doom. On T:77 you reached level 16 of The Dungeons of Doom. On T:80 you reached level 17 of The Dungeons of Doom. On T:83 you reached level 18 of The Dungeons of Doom. On T:87 you reached level 19 of The Dungeons of Doom. On T:89 you reached level 20 of The Dungeons of Doom. On T:93 you reached level 21 of The Dungeons of Doom. Score breakdown: Gold: 400 ( 40 points) Experience: 1 level ( 0 points) Exploration: 21 levels ( 600 points) Discoveries: 0 items ( 0 points) Variety of kills: 3 monsters ( 150 points) Major goal: (nothing yet) ( 0 points) Survival: died (score multiplied by 3) Total score: 2370 Latest messages: Your help is urgently needed at the College of Archeology! Look for a ...ic transporter. You couldn't quite make out that last message. The priestess of Huhetotl intones: "Pilgrim, you enter a sacred place!" You have a strange forbidding feeling... The gremlin claws you! (2x) You die... Final status: Goodbye nht the Archeologist, killed by a gremlin... You died in The Dungeons of Doom on dungeon level 21 with 2370 points, and 400 pieces of gold, after 94 moves. You were level 1 with a maximum of 15 hit points when you died.